 Dungeon Crawl Stone Soup version 0.29-a0-409-gd843f3a48c (webtiles) character file.

Game seed: 7429482761057005424

97 happo123 the Digger (level 4, 0/24 HPs)
             Began as a Gargoyle Earth Elementalist on May 13, 2022.
             Slain by a jackal (1 damage)
             ... on level 3 of the Dungeon.
             The game lasted 00:07:52 (1420 turns).

happo123 the Digger (Gargoyle Earth Elementalist)   Turns: 1420, Time: 00:07:53

Health: 0/24       AC:  6    Str: 12    XL:     4   Next: 68%
Magic:  2/17       EV: 11    Int: 17    God:
Gold:   114        SH:  0    Dex: 10    Spells: 5/9 levels left

rFire   . . .      SeeInvis .   (no weapon)
rCold   . . .      Faith    .   (no shield)
rNeg    + . .      Spirit   .   b - +0 robe
rPois   ∞          Reflect  .   (no helmet)
rElec   +          Harm     .   h - +0 cloak
rCorr   .          Rampage  .   (no gloves)
Will    .....                   (no boots)
Stlth   ++........              (no amulet)
HPRegen 0.08/turn               g - ring of magical power
MPRegen 0.15/turn               (no ring)

@: very slightly contaminated
A: sickness immunity, AC +3, negative energy resistance 1, electricity
resistance, torment resistance 1, petrification resistance
a: no special abilities


You were on level 3 of the Dungeon.
You visited 1 branch of the dungeon, and saw 3 of its levels.

You collected 114 gold pieces.

Inventory:

Missiles
 a - 81 stones
Armour
 b - a +0 robe (worn)
 h - a +0 cloak (worn)
Jewellery
 g - a ring of magical power (left hand)
Scrolls
 d - a scroll of blinking {unknown}
 e - 3 scrolls of teleportation {unknown}
 f - 6 scrolls of identify {unknown}
 j - a scroll of noise {unknown}
 k - a scroll of fear {unknown}
 n - a scroll of silence {unknown}
Potions
 c - a potion of magic
 i - 3 potions of curing {unknown}
 l - a potion of ambrosia {unknown}
 m - a potion of brilliance {unknown}


   Skills:
 + Level 1.5 Dodging
 + Level 2.7 Stealth
 + Level 0.2 Unarmed Combat
 + Level 3.2 Spellcasting
 + Level 0.7 Transmutations
 + Level 4.9 Earth Magic


You had 5 spell levels left.
You knew the following spells:

 Your Spells              Type           Power      Damage    Failure   Level
a - Sandblast             Erth           38%        2d10      2%          1
b - Stone Arrow           Conj/Erth      22%        3d8       19%         3

Your spell library contained the following spells:

 Spells                   Type           Power      Damage    Failure   Level
 Passwall                 Tmut/Erth      10%        N/A       8%          2
 Summon Small Mammal      Summ           8%         N/A       17%         1
 Ensorcelled Hibernation  Hex/Ice        4%         N/A       26%         2
 Spider Form              Tmut/Pois      4%         N/A       41%         3
 Call Canine Familiar     Summ           2%         N/A       45%         3
 Summon Guardian Golem    Hex/Summ       2%         N/A       45%         3
 Petrify                  Tmut/Erth      12%        N/A       45%         4
 Anguish                  Hex/Necr       1%         N/A       86%         4


Dungeon Overview and Level Annotations

Branches:
Dungeon (3/15)

Altars:


Innate Abilities, Weirdness & Mutations

You are immune to sickness and miasma.
Your stone body is resilient. (AC +3)
You are immune to poison.
You resist negative energy. (rN+)
You are resistant to electric shocks. (rElec)
You are resistant to unholy torment.
You are immune to petrification.


Message History

The jackal barely misses you. The orc hits you with a +0 club.
* * * LOW HITPOINT WARNING * * *
The orc attacks as you move away! The orc barely misses you.
The jackal bites you.
* * * LOW HITPOINT WARNING * * *
The jackal barely misses you.
The orc throws a boomerang.
The boomerang hits you but does no damage.
The jackal attacks as you move away! The jackal barely misses you.
The jackal attacks as you move away!
The jackal bites you but does no damage.
The jackal misses you. The jackal completely misses you.
The jackal attacks as you move away!
The jackal bites you but does no damage.
You barely miss the jackal. The jackal bites you.
* * * LOW HITPOINT WARNING * * *
The jackal bites you but does no damage.
You hit the jackal but do no damage.
The jackal bites you but does no damage. x2
A jackal comes into view.
The jackal completely misses you. The jackal closely misses you.
The orc closely misses you.
You hit the jackal.
The jackal is heavily wounded.
The jackal barely misses you. x2
A rat comes into view.
The orc barely misses you.
You closely miss the jackal.
The jackal is heavily wounded.
The jackal bites you.
* * * LOW HITPOINT WARNING * * *
The jackal bites you but does no damage. x2
The jackal closely misses you. The orc closely misses you.
You closely miss the jackal. Your punch misses the jackal.
The jackal is heavily wounded.
The jackal bites you but does no damage.
The jackal closely misses you. The orc closely misses you.
You hit the jackal.
The jackal is almost dead.
The jackal bites you.
You die...

........)......#####
...†.....†.........#
........#..........#
........#.r........#
........#....(.....#
......###....h.....#
......##...........#
.......#..)....ho..#
##.....#..)....h@..#
#...>.#...#########
##...##...#
#...##...#
######...# #...#
#...# #####


You could see an orc, 3 jackals and a rat.

Vanquished Creatures
  3 adders (D:2)
  A worm (D:3)
  A dart slug (D:2)
  4 orcs (D:3)
  6 ball pythons
  7 endoplasms
  2 giant cockroaches (D:3)
  5 goblins
  9 hobgoblins
  A jackal (D:3)
  4 kobolds (D:1)
  3 quokkas (D:1)
  4 bats
  3 frilled lizards (D:1)
  4 rats
57 creatures vanquished.

Notes
Turn   | Place    | Note
-------+----------+-------------------------------------------
     0 | D:1      | happo123 the Gargoyle Earth Elementalist began the quest
                  | for the Orb.
     0 | D:1      | Reached XP level 1. HP: 10/10 MP: 3/3
   250 | D:1      | Reached XP level 2. HP: 15/15 MP: 5/5
   339 | D:1      | Reached skill level 4 in Earth Magic
   534 | D:1      | Reached XP level 3. HP: 19/19 MP: 6/6
   912 | D:2      | Reached XP level 4. HP: 17/24 MP: 8/8
  1380 | D:3      | Learned a level 3 spell: Stone Arrow
  1415 | D:3      | HP: 1/24 [jackal (1)]
  1420 | D:3      | Slain by a jackal

Illustrated notes

Levels and vault maps discovered:
D:1:      minmay_arrival_loop, layout_basic
D:2:      layout_rooms
D:3:      minmay_chambers_of_threes, layout_basic, cheibrodos_sewer_entry_bend

Skill      XL: |  1  2  3 |
---------------+----------+-----
Earth Magic    | 4 |  4.9
Spellcasting   | 3 |  3.2
Dodging        | |  1.5
Stealth        | |  2.7
Unarmed Combat | |  0.2
Transmutations | |  0.7

Action                   |  1- 3 |  4- 6 || total
-------------------------+-------+-------++-------
Melee: Unarmed           |    12 |    10 ||    22
 Cast: Sandblast         |    51 |    33 ||    84
       Stone Arrow       |       |     1 ||     1
 Stab: Sleeping          |     3 |       ||     3
Armor: Robe              |    10 |    19 ||    29
Dodge: Dodged            |    16 |    31 ||    47

Table legend: (Time is in decaauts)
 A = Elapsed time spent in this place.
 B = Non-inter-level travel time spent in this place.
 C = Inter-level travel time spent in this place.
 D = Time resting spent in this place.
 E = Time spent auto-exploring this place.
 F = Levels seen in this place.
 G = Mean time per level.
                   A        B        C        D        E       F      G
               +--------+--------+--------+--------+--------+-----+--------+
         Total |   1419 |   1230 |    189 |      0 |    916 |   3 |  473.0 |
       Dungeon |   1419 |   1230 |    189 |      0 |    916 |   3 |  473.0 |
               +--------+--------+--------+--------+--------+-----+--------+

Top non-repeatable levels by time:
     D:1: 833 daAuts
     D:2: 498 daAuts
     D:3: 86 daAuts
